Map: Abyssal Reef LE

Players

PandaBearMe

  • Race: Zerg Zerg
  • Spawn Location: 11:00

MightyKiwi - Winner!

  • Race: Zerg Zerg
  • Spawn Location: 5:00

Event: WCS Montreal 2017

VOD

Have the link to the VOD?

Description

Time

  • Played on: Sept. 8, 2017, 12:22 p.m.
  • Length: 11:13

All games in this series

Show
View Real Time Build Order
Export as new Build Order

PandaBearMe Zerg 

Build Orders: Hatch First 

Get SALT Encoding   

  12  0:01  Drone  
  13  0:12  Overlord  
  13  0:17  Drone  
  14  0:30  Drone x2  
  16  0:49  Hatchery  
  15  0:52  Drone  
  15  0:56  Drone  
  17  0:59  Drone  
  17  1:03  Extractor  
  17  1:15  Spawning Pool  
  17  1:18  Drone  
  17  1:21  Drone  
  18  1:28  Drone  
  19  2:02  Zergling x2  
  19  2:04  Zergling x2  
  19  2:05  Zergling x2  
  19  2:06  Zergling x2  
  19  2:07  Queen x2  
  27  2:17  Zergling x2  
  28  2:23  Overlord  
  23  2:45  Zergling x6  
  25  2:53  Zergling x4  
  25  2:56  Metabolic Boost  
  27  2:59  Zergling x2  
  28  3:10  Drone x4  
  32  3:17  Overlord  
  32  3:19  Drone  
  33  3:23  Drone  
  34  3:29  Drone  
  34  3:36  Drone  
  34  3:37  Drone  
  34  3:38  Drone x3  
  38  3:56  Overlord  
  38  3:58  Hatchery  
  37  4:04  Zergling x2  
  37  4:05  Zergling x4  
  40  4:11  Overlord  
  40  4:12  Zergling x2  
  41  4:17  Zergling x4  
  41  4:18  Zergling x2  
  44  4:24  Baneling Nest, Zergling x2  
  44  4:25  Zergling x4  
  44  4:30  Zergling x4  
  48  4:34  Drone x2  
  45  4:53  Overlord, Drone  
  45  4:56  Zergling x4  
  45  4:57  Zergling x8  
  47  5:02  Queen  
  47  5:05  Zergling x2  
  50  5:09  Zergling x2  
  50  5:10  Zergling x2  
  50  5:14  Zergling x4  
  52  5:24  Overlord  
  52  5:27  Overlord  
  52  5:28  Zergling x10  
  57  5:38  Zergling x2  
  51  5:43  Zergling x4  
  51  5:48  Queen x2  
  49  5:53  Drone  
  49  5:54  Zergling x2, Baneling  
  49  5:55  Baneling x2  
  51  6:11  Baneling  
  51  6:12  Baneling  
  51  6:13  Baneling  
  51  6:16  Zergling x2  
  51  6:17  Zergling x4  
  54  6:21  Hatchery, Zergling x4  
  54  6:23  Zergling x2  
  50  6:30  Zergling x2  
  50  6:31  Zergling x4  
  52  6:33  Zergling x2  
  52  6:39  Zergling x2  
  49  6:40  Zergling x2  
  49  6:42  Baneling x2  
  49  6:43  Baneling  
  42  6:55  Zergling x4, Baneling x2  
  42  6:57  Queen  
  42  6:58  Queen  
  48  7:01  Zergling x2  
  48  7:04  Baneling x2  
  48  7:05  Zergling x4  
  48  7:06  Zergling x6  
  52  7:13  Zergling x2  
  53  7:17  Zergling x4  
  54  7:27  Roach Warren  
  51  7:31  Zergling x6  
  51  7:32  Baneling x2  
  51  7:38  Zergling x4  
  51  7:46  Overlord, Drone, Baneling x3  
  51  7:48  Drone  
  51  7:49  Extractor  
  51  7:50  Extractor, Drone x2  
  54  7:51  Drone  
  54  8:00  Overlord, Drone  
  54  8:01  Drone  
  54  8:04  Drone  
  53  8:12  Roach x3  
  57  8:18  Overlord, Drone  
  58  8:22  Roach  
  58  8:23  Roach  
  58  8:26  Roach  
  64  8:34  Roach x3  
  70  8:37  Roach  
  72  8:53  Roach x3  
  72  8:55  Roach x2  
  78  9:00  Overlord  
  78  9:01  Roach  
  76  9:03  Zergling x6  
  76  9:04  Zergling x2  
  76  9:06  Zergling x4  
  76  9:08  Zergling x2  
  83  9:13  Drone  
  84  9:22  Roach x3  
  84  9:23  Roach  
  89  9:39  Roach x3, Overlord  
  89  9:42  Lair  
  92  9:49  Drone x2  
  92  9:51  Drone  
  89  9:53  Roach x2  
  90  10:04  Overlord, Drone x3  
  90  10:06  Evolution Chamber  
  90  10:16  Roach  
  90  10:19  Roach  
  90  10:20  Roach  
  90  10:21  Roach  
  90  10:26  Roach x3  
  80  10:33  Roach x2  
  80  10:35  Roach  
  82  10:37  Roach  
  82  10:41  Roach  
  76  10:50  Ravager  
Show
View Real Time Build Order
Export as new Build Order

MightyKiwi Zerg - Winner!

Build Orders: Pool First 

Get SALT Encoding   

  12  0:18  Spawning Pool  
  11  0:23  Drone  
  11  0:27  Drone  
  13  0:31  Drone  
  14  0:40  Overlord  
  14  1:04  Zergling x2  
  14  1:05  Zergling x2  
  14  1:07  Zergling x2  
  14  1:10  Queen  
  19  1:17  Zergling x2  
  20  1:27  Zergling x2  
  21  1:34  Hatchery  
  21  1:38  Zergling x2  
  21  1:48  Overlord  
  21  2:00  Drone  
  22  2:06  Queen  
  22  2:07  Extractor  
  23  2:16  Drone  
  23  2:19  Drone  
  25  2:23  Drone  
  25  2:24  Drone  
  28  2:30  Drone  
  28  2:38  Drone  
  26  2:47  Drone x2  
  28  2:57  Overlord  
  28  3:00  Drone  
  29  3:09  Zergling x4  
  30  3:14  Metabolic Boost  
  30  3:19  Overlord  
  30  3:20  Drone x3  
  30  3:23  Zergling x4  
  30  3:26  Drone  
  34  3:35  Zergling x2  
  34  3:38  Overlord  
  35  3:41  Baneling Nest  
  35  3:46  Drone x2  
  36  3:52  Spine Crawler  
  36  3:53  Drone  
  36  3:59  Zergling x2  
  36  4:00  Zergling x4  
  40  4:05  Drone  
  40  4:07  Drone  
  40  4:08  Drone x2  
  44  4:22  Overlord  
  44  4:32  Zergling x10  
  44  4:36  Hatchery, Baneling x2  
  48  4:45  Zergling x10  
  53  4:55  Zergling x2  
  53  4:56  Zergling x4  
  53  4:59  Baneling x3  
  55  5:00  Baneling x2  
  55  5:03  Drone, Roach Warren  
  55  5:05  Extractor  
  55  5:06  Drone x3  
  57  5:10  Drone  
  57  5:18  Drone x4  
  59  5:24  Overlord  
  58  5:39  Zergling x6  
  58  5:49  Queen  
  58  5:53  Zergling x16  
  62  5:57  Baneling x2  
  62  5:58  Baneling  
  62  6:01  Lair  
  62  6:04  Extractor  
  62  6:05  Zergling x6  
  64  6:14  Drone x2  
  55  6:46  Zergling x2  
  55  6:47  Zergling x24  
  47  7:02  Glial Reconstitution  
  47  7:05  Drone  
  47  7:06  Drone x5  
  53  7:09  Baneling  
  53  7:10  Baneling x2  
  53  7:15  Drone, Evolution Chamber  
  53  7:16  Drone x5  
  52  7:30  Drone x2  
  53  7:43  Roach x3  
  57  7:46  Queen, Zerg Missile Weapons Level 1  
  59  7:54  Roach x3  
  65  7:59  Roach  
  65  8:00  Roach x2  
  65  8:03  Queen  
  69  8:09  Drone x5  
  72  8:13  Baneling x2  
  72  8:18  Overlord x2  
  72  8:22  Zergling x2  
  73  8:47  Roach x8  
  81  8:57  Roach  
  81  8:58  Roach x3  
  88  9:04  Drone x2  
  88  9:07  Overlord x3  
  90  9:13  Pneumatized Carapace  
  90  9:17  Overlord  
  90  9:20  Overlord x2  
  90  9:30  Roach x2  
  90  9:31  Roach x3  
  97  9:39  Drone x7  
  92  9:56  Roach  
  92  9:57  Roach x4  
  92  9:59  Queen  
  97  10:02  Roach  
  97  10:06  Roach x2  
  99  10:21  Roach x3  
  99  10:22  Roach x4  
  105  10:33  Roach x4  
  107  10:41  Roach x2  
  107  10:42  Overlord x2  
  109  10:44  Drone x3  
  109  10:45  Extractor  
  111  10:56  Drone x3  
Tags
 
Add a new tag
Caveats
  • Supply blocks, unpowered buildings, or Contaminate may cause inaccurate times.
  • Supply counts are checked every 10 seconds.